 Dungeon Crawl Stone Soup version 0.29.0-5-ge4962eb29e (webtiles) character file.

Game seed: 5482626756525184081

74 Sobieck the Insei (level 4, -1/23 HPs)
             Began as a Vine Stalker Monk on Aug 28, 2022.
             Slain by Grinder (4 damage)
             ... on level 3 of the Dungeon.
             The game lasted 00:04:15 (2469 turns).

Sobieck the Insei (Vine Stalker Monk)               Turns: 2469, Time: 00:04:16

Health: -1/23      AC:  5    Str: 15    XL:     4   Next: 30%
Magic:  0/6        EV: 11    Int: 10    God:
Gold:   94         SH:  0    Dex: 17    Spells: 5/5 levels left

rFire   . . .      SeeInvis .     - Unarmed
rCold   . . .      Faith    .   (no shield)
rNeg    . . .      Spirit   +   j - +0 ring mail
rPois   +          Reflect  .   (no helmet)
rElec   .          Harm     .   (no cloak)
rCorr   .          Rampage  .   (no gloves)
Will    .....                   (no boots)
Stlth   ++........              (no amulet)
HPRegen 0.87/turn               z - ring of poison resistance
MPRegen 0.10/turn               (no ring)

@: no status effects
A: fangs 2, regeneration 1, magic shield, antimagic bite, no potion heal 2
a: no special abilities


You were on level 3 of the Dungeon.
You visited 1 branch of the dungeon, and saw 3 of its levels.

You collected 94 gold pieces.


Innate Abilities, Weirdness & Mutations

You have extremely sharp teeth.
Your natural rate of healing is unusually fast.
When hurt, damage is shared between your health and your magic reserves.
Your bite disrupts and absorbs the magic of your enemies.
Potions cannot restore your health.


   Skills:
 - Level 2.6 Fighting
 - Level 2.4 Dodging
 - Level 2.4 Stealth
 * Level 4.8 Unarmed Combat
 - Level 1.0 Spellcasting


You had 5 spell levels left.
You didn't know any spells.
Your spell library was empty.

Inventory:

Hand Weapons
 b - a +0 sling
   (You found it on level 2 of the Dungeon)
Missiles
 f - 19 stones (quivered) {throwing}
 B - 4 poisoned darts {throwing}
Armour
 a - a +0 robe
 c - a +0 leather armour
   (You found it on level 1 of the Dungeon)
 d - a +0 leather armour
   (You found it on level 1 of the Dungeon)
 j - a +0 ring mail (worn)
   (You found it on level 1 of the Dungeon)
 o - a +0 robe
   (You found it on level 1 of the Dungeon)
 p - a +0 leather armour
   (You found it on level 1 of the Dungeon)
 q - a +0 robe
   (You found it on level 1 of the Dungeon)
 r - a +0 robe
   (You found it on level 1 of the Dungeon)
 t - a +0 ring mail
   (You found it on level 1 of the Dungeon)
Magical Staves
 h - a staff of death {!astaff}
   (You found it on level 1 of the Dungeon)
Jewellery
 u - a ring of ice
   (You found it on level 2 of the Dungeon)
 z - a ring of poison resistance (left hand)
   (You found it on level 2 of the Dungeon)
Scrolls
 e - 2 scrolls of identify {unknown}
 g - 2 scrolls of amnesia {unknown}
 i - a scroll of vulnerability {unknown}
 m - a scroll of enchant weapon {unknown}
 s - a scroll of immolation {unknown}
 x - a scroll of silence {unknown}
 A - a scroll of magic mapping {unknown}
Potions
 k - a potion of flight {unknown}
 l - a potion of mutation {unknown}
 n - 2 potions of curing {unknown}
 v - a potion of invisibility {unknown}
 w - a potion of magic {unknown}
 y - a potion of ambrosia

Dungeon Overview and Level Annotations

Branches:
Dungeon (3/15) Zot: 15534

Altars:

Annotations:
D:3 Grinder, Sigmund

.#### ####
.[....#..##.#
#...5@<...#
.....##.....#
..# #.....#
#..>..#
........
..........
...........
............


You could see Grinder.


Message History

b - a +0 sling (weapon)
You see here a rat corpse.
f - 19 stones {throwing} (gained 1)
Things that are here:
a +0 short sword {short}; a kobold corpse
B - 4 poisoned darts {throwing} You see here a +0 whip {mace}.
Unknown command.
You now have 94 gold pieces (gained 9).
You see here a rat corpse.
You see here a rat corpse.
Items here: ))) ††.
An adder comes into view.
Danger!
You shoot a sling bullet. The adder hisses angrily.
The sling bullet hits the adder.
You shoot a sling bullet.
The sling bullet barely misses the adder.
You shoot a sling bullet.
The sling bullet closely misses the adder.
You are now empty-handed.
You hit the adder. Your bite misses the adder. The adder closely misses you.
The adder barely misses you.
You closely miss the adder. You bite the adder. You drain its power.
The adder bites you.
You hit the adder but do no damage. The adder bites you.
You are poisoned.
The adder poisons you!
You closely miss the adder.
You feel sick. The adder bites you but does no damage.
You closely miss the adder. You bite the adder.
You kill the adder!
No target in view!
Unknown command.
b - a +0 sling (weapon)
You feel sick.
You feel sick.
You feel sick.
You feel sick.
You are no longer poisoned.
You see here an adder corpse.
A rat comes into view.
Danger!
You shoot a sling bullet. The sling bullet hits the rat!
You kill the rat!
No target in view!
No target in view!
Sigmund the Dreaded comes into view.
He is wielding a +0 scythe and wearing a +2 robe of willpower.
Danger!
Unknown command.
There is a stone staircase leading up here.
You climb upwards.
There is a stone staircase leading down here.
You climb downwards.
Level annotation: Sigmund
There is a stone staircase leading up here.
Press: ? - help, . - travel You can't see that place. [the floor.] Placed new exclusion.
Unknown command.
You climb upwards.
There is a stone staircase leading down here.
Unknown command.
There is an open door here.
There is a stone staircase leading down here.
You climb downwards.
Level annotation: Sigmund
Found a ring mail.
Found a stone staircase leading down.
There is a stone staircase leading up here.
Danger!
Unknown command.
You are now empty-handed.
Unknown command.
Grinder shouts!
Grinder hits you but does no damage.
Unknown command.
You hit Grinder. You bite Grinder.
Grinder's magic leaks into the air.
You drain her magic.
Grinder falters for a moment.
You hit Grinder but do no damage. Your bite misses Grinder.
Unknown command.
You closely miss Grinder. Grinder gestures at you.
You resist with significant effort.
You barely miss Grinder.
Grinder's magic is no longer disrupted.
Grinder gestures at you. You resist with significant effort.
You hit Grinder. Grinder gestures at you.
You suddenly lose the ability to move!
Grinder hits you!
You writhe in agony.
Grinder hits you.
You writhe in agony.
* * * LOW HITPOINT WARNING * * *
You can move again.
You hit Grinder but do no damage. You bite Grinder, but do no damage.
Grinder hits you!
* * * LOW HITPOINT WARNING * * *
You writhe in agony.
You die...

Skill      XL: |  1  2  3 |
---------------+----------+-----
Spellcasting   | 1 |  1.0
Unarmed Combat | 4 |  4.8
Fighting       | |  2.6
Dodging        | |  2.4
Stealth        | |  2.4

Action                   |  1- 3 |  4- 6 || total
-------------------------+-------+-------++-------
Melee: Unarmed           |    94 |    16 ||   110
       Bite              |    17 |     5 ||    22
       Punch             |     3 |       ||     3
 Fire: Sling             |    11 |    16 ||    27
 Stab: Sleeping          |     1 |       ||     1
Armor: Robe              |     7 |       ||     7
       Ring mail         |    20 |     2 ||    22
Dodge: Dodged            |    38 |     6 ||    44

Levels and vault maps discovered:
D:1:      minmay_arrival_semitransparent, layout_basic,
          dreamdust_ecumenical_altar_hidden_monk_grotto
D:2:      layout_loops_corners
D:3:      minmay_octagon_keep, layout_rooms, biasface_ghost_orc_armoury,
          grunt_decor_one_mirror, grunt_decor_junction, lexackson_kobold_supper,
          uniq_grinder, uniq_sigmund, uniq_terence

Notes
Turn   | Place    | Note
-------+----------+-------------------------------------------
     0 | D:1      | Sobieck the Vine Stalker Monk began the quest for the Orb.
     0 | D:1      | Reached XP level 1. HP: 11/11 MP: 2/2
   219 | D:1      | You fall into a shaft and drop 1 floor!
   236 | D:2      | Reached XP level 2. HP: 8/16 MP: 1/4
   424 | D:2      | Reached skill level 1 in Spellcasting
   911 | D:1      | Found a faded altar of an unknown god.
  1102 | D:1      | Reached XP level 3. HP: 19/19 MP: 5/5
  1271 | D:2      | Reached skill level 4 in Unarmed Combat
  1362 | D:2      | HP: 4/19 [poisoned by an adder]
  1365 | D:2      | HP: 1/19 [poisoned by an adder]
  2316 | D:2      | Gained mutation: Your natural rate of healing is unusually
                  | fast. [Vine Stalker growth]
  2316 | D:2      | Reached XP level 4. HP: 23/23 MP: 6/6
  2437 | D:3      | Noticed Sigmund
  2459 | D:3      | Noticed Grinder
  2466 | D:3      | Paralysed by Grinder for 2 turns
  2469 | D:3      | HP: 3/23 [Grinder (6)]
  2469 | D:3      | Slain by Grinder

Vanquished Creatures
  2 adders
  2 worms (D:2)
  A dart slug (D:2)
  2 ball pythons (D:2)
  3 endoplasms
  4 giant cockroaches
  4 goblins
  6 hobgoblins
  3 jackals (D:2)
  6 kobolds
  A quokka (D:1)
  4 bats
  2 frilled lizards
  4 rats
44 creatures vanquished.

Vanquished Creatures (others)
  14 plants (D:3)
14 creatures vanquished.

Grand Total: 58 creatures vanquished

Table legend:
 A = Non-vault XP
 B = Vault XP
 C = Vault XP percentage of total XP
 D = Non-vault monster count
 E = Vault monster count
 F = Vault count percentage of total count
                 A         B        C        D         E       F
            +---------+---------+-------+---------+---------+-------
      Total |      96 |      11 |  10.3 |      36 |       8 |  18.2
            +---------+---------+-------+---------+---------+-------
        D:1 |      16 |       0 |   0.0 |       9 |       0 |   0.0
        D:2 |      66 |       0 |   0.0 |      25 |       0 |   0.0
        D:3 |      14 |      11 |  44.0 |       2 |       8 |  80.0
            +---------+---------+-------+---------+---------+-------

Illustrated notes

Table legend:
 A = Kills in this place as a percentage of kills in entire the game.
 B = Kills by you in this place as a percentage of kills by you in the entire game.
 C = Kills by friends in this place as a percentage of kills by friends in the entire game.
 D = Other kills in this place as a percentage of other kills in the entire game.
 E = Experience gained in this place as a percentage of experience gained in the entire game.
 F = Experience gained in this place divided by the number of levels of this place that you have seen.
                   A       B       C       D       E      F
               +-------+-------+-------+-------+-------+----------------------
         Total | 100.0 | 100.0 |   N/A |   N/A | 100.0 |  35.7
       Dungeon | 100.0 | 100.0 |   N/A |   N/A | 100.0 |  35.7
               +-------+-------+-------+-------+-------+----------------------

Table legend: (Time is in decaauts)
 A = Elapsed time spent in this place.
 B = Non-inter-level travel time spent in this place.
 C = Inter-level travel time spent in this place.
 D = Time resting spent in this place.
 E = Time spent auto-exploring this place.
 F = Levels seen in this place.
 G = Mean time per level.
                   A        B        C        D        E       F      G
               +--------+--------+--------+--------+--------+-----+--------+
         Total |   2464 |   2408 |     56 |    679 |   1297 |   3 |  821.3 |
       Dungeon |   2464 |   2408 |     56 |    679 |   1297 |   3 |  821.3 |
               +--------+--------+--------+--------+--------+-----+--------+

Top non-repeatable levels by time:
     D:2: 1685 daAuts
     D:1: 644 daAuts
     D:3: 134 daAuts
